 Dungeon Crawl Stone Soup version 0.21.2-1-g0862bd23eb (webtiles) character file.

205 MordorOrchid the Ruffian (level 5, -12/49 HPs)
             Began as a Troll Wizard on Nov 30, 2019.
             Was a Follower of Cheibriados.
             Mangled by Edmund
             ... wielding a +4 dire flail of protection
              (15 damage)
             ... on level 4 of the Dungeon.
             The game lasted 00:04:59 (1797 turns).

MordorOrchid the Ruffian (Troll Wizard)             Turns: 1797, Time: 00:04:59

Health: -12/49     AC:  5    Str: 17    XL:     5   Next: 52%
Magic:  5/7        EV: 10    Int: 17    God:    Cheibriados [*.....]
Gold:   80         SH:  0    Dex: 10    Spells: 0/8 levels left

rFire    . . .     SeeInvis .     - Unarmed
rCold    . . .     Gourm    +   (no shield)
rNeg     . . .     Faith    .   a - +0 robe
rPois    .         Spirit   .   b - +0 hat
rElec    .         Reflect  .   (no cloak)
rCorr    .         Harm     .   (gloves unavailable)
MR       .....                  (boots unavailable)
Stlth    +.........             (no amulet)
HPRegen  0.56/turn              (no ring)
MPRegen  0.10/turn              (no ring)

@: lethally poisoned (-12 -> -12), very slow
A: large, unfitting armour, claws 3, fast metabolism 3, gourmand, regeneration
1, shaggy fur 1, tough skin 2
a: Bend Time, Renounce Religion


You were on level 4 of the Dungeon.
You worshipped Cheibriados.
Cheibriados was aware of your devotion.
You were very full.

You visited 1 branch of the dungeon, and saw 4 of its levels.

You collected 80 gold pieces.

Inventory:

Armour
 a - a +0 robe (worn)
 b - a +0 hat (worn)
Wands
 p - a wand of clouds (5)
 r - a wand of polymorph (16)
Scrolls
 g - a scroll of teleportation {unknown}
 h - a scroll of immolation {unknown}
 j - a scroll of amnesia {unknown}
 l - a scroll of blinking {unknown}
 m - 2 scrolls of remove curse
Potions
 e - a potion of lignification {unknown}
 f - a potion of cancellation {unknown}
 i - a potion of flight
 k - 2 potions of agility
 n - 2 potions of curing {unknown}
 o - a potion of heal wounds
 s - a potion of might {unknown}
 t - 2 potions of brilliance {unknown}
Books
 c - a book of Minor Magic

   Spells                             Type                      Level
   a - Magic Dart                     Conjuration                  1
   b - Blink                          Translocation                2
   c - Call Imp                       Summoning                    2
   d - Slow                           Hexes                        2
   e - Conjure Flame                  Conjuration/Fire             3
   f - Mephitic Cloud                 Conjuration/Poison/Air       3
Comestibles
 d - 11 rations


   Skills:
 - Level 2.0 Fighting
 + Level 2.1 Dodging
 - Level 1.0 Stealth
 + Level 3.4 Unarmed Combat
 - Level 2.0 Spellcasting
 * Level 1.1 Conjurations
 * Level 1.0 Summonings
 * Level 1.1 Translocations
 * Level 0.1 Fire Magic


You couldn't memorise any spells.
You knew the following spells:

 Your Spells              Type           Power        Failure   Level  Hunger
a - Magic Dart            Conj           #...         12%         1    #......
b - Call Imp              Summ           #.......     19%         2    ###....
c - Conjure Flame         Conj/Fire      #.......     41%         3    ###....
x - Blink                 Tloc           N/A          19%         2    ###....


Dungeon Overview and Level Annotations

Branches:
Dungeon (4/15)
 Temple: D:4-7

Altars:
Ashenzari
Cheibriados
Yredelemnul

Annotations:
D:4 Edmund


Innate Abilities, Weirdness & Mutations

You are too large for most types of armour.
You have claws for hands.
Your metabolism is lightning-fast.
You like to eat raw meat.
Your natural rate of healing is unusually fast.
You are covered in fur. (AC +1)
You have very tough skin. (AC +2)


Message History

Gang up on whom?
Press: ? - help, Dir - move target cursor, f - Edmund
Aim: Edmund, wielding a dire flail of protection and wearing a leather armour (heavily wounded) Attack!
You feel sick.
Your iron imp disappears in a puff of smoke!
Edmund hits you with a dire flail of protection!
* * * LOW HITPOINT WARNING * * *
Edmund barely misses you.
You feel much better.
You closely miss Edmund.
Edmund is heavily wounded.
Edmund hits you with a dire flail of protection!
Casting: Call Imp
Confirm with . or Enter, or press ? or * to list all spells.
A beastly little devil appears in a puff of flame.
You feel sick.
Edmund hits you with a dire flail of protection!
* * * LOW HITPOINT WARNING * * *
Edmund hits you with a dire flail of protection!
You die...

##########
#..%.....##
.####....5@@..#
......>.<###..#
.####..#†#
..... #..#.#
..###.# #..#.#
..# ...... (.#
....... ..#
###..##.# ..#
... .#


You could see Edmund and a friendly crimson imp.

Vanquished Creatures
  A hound (D:4)
  An orc priest (D:3)
  Terence (D:2)
  6 adders
  3 dart slugs
  A leopard gecko (D:2)
  4 orcs (D:3)
  5 bats
  3 giant cockroaches
  6 goblins
  6 hobgoblins
  9 jackals
  A frilled lizard (D:2)
  3 kobolds
  5 rats
  A spectral orc (D:3)
56 creatures vanquished.

Notes
Turn   | Place    | Note
-------+----------+-------------------------------------------
     0 | D:1      | MordorOrchid the Troll Wizard began the quest for the Orb.
     0 | D:1      | Reached XP level 1. HP: 16/16 MP: 2/2
   249 | D:1      | Reached skill level 1 in Unarmed Combat
   249 | D:1      | Reached XP level 2. HP: 26/26 MP: 4/4
   267 | D:1      | Reached skill level 1 in Fighting
   421 | D:2      | Learned a level 2 spell: Blink
   424 | D:2      | Learned a level 2 spell: Call Imp
   434 | D:2      | Noticed Terence
   446 | D:2      | Killed Terence
   446 | D:2      | Reached skill level 2 in Unarmed Combat
   446 | D:2      | Reached XP level 3. HP: 28/33 MP: 2/5
   695 | D:2      | Reached XP level 4. HP: 42/42 MP: 6/6
  1063 | D:2      | Found a shattered altar of Ashenzari.
  1120 | D:3      | Found a snail-covered altar of Cheibriados.
  1181 | D:3      | Became a worshipper of Cheibriados the Contemplative
  1197 | D:3      | Found a faded altar of an unknown god.
  1428 | D:3      | Reached skill level 1 in Conjurations
  1430 | D:3      | Reached * piety under Cheibriados
  1514 | D:3      | Found a basalt altar of Yredelemnul.
  1519 | D:3      | Reached skill level 3 in Unarmed Combat
  1602 | D:3      | Reached skill level 1 in Translocations
  1602 | D:3      | Reached XP level 5. HP: 45/49 MP: 7/7
  1609 | D:3      | Learned a level 3 spell: Conjure Flame
  1782 | D:4      | Reached skill level 1 in Summonings
  1784 | D:4      | Noticed Edmund
  1792 | D:4      | HP: 1/49 [Edmund/dire flail of protection (9)]
  1797 | D:4      | Mangled by Edmund

Skill      XL: |  1  2  3  4  5 |
---------------+----------------+-----
Unarmed Combat | 1 2 3 |  3.4
Fighting       | 1 2 |  2.0
Dodging        | 2 |  2.1
Conjurations   | 1 |  1.1
Translocations | 1 |  1.1
Summonings     | 1 |  1.0
Stealth        | |  1.0
Spellcasting   | |  2.0
Fire Magic     | |  0.1

Action                   |  1- 3 |  4- 6 || total
-------------------------+-------+-------++-------
Melee: Unarmed           |    63 |    99 ||   162
 Cast: Magic Dart        |     5 |       ||     5
       Call Imp          |     1 |     2 ||     3
  Use: Scroll            |     2 |     2 ||     4
       Potion            |       |     1 ||     1
 Stab: Sleeping          |       |     2 ||     2
  Eat: Chunk             |    12 |     9 ||    21
Armor: Robe              |    43 |    27 ||    70
Dodge: Dodged            |    44 |    44 ||    88
